Map: Dusk Towers

Players

Faith

  • Race: Zerg Zerg
  • League: Master

TerranOP - Winner!

  • Race: Terran Terran
  • League: Diamond

VOD

Have the link to the VOD?

Description

Time

  • Played on: Dec. 24, 2015, 6:18 p.m.
  • Length: 11:36
Show
View Real Time Build Order
Export as new Build Order

Faith Zerg 

Build Orders: Hatch First, Muta Ling Bane 

Get SALT Encoding   

  12  0:02  Drone  
  13  0:10  Drone  
  14  0:17  Overlord  
  14  0:30  Drone, Extractor x2  
  14  0:31  Drone  
  16  0:37  Drone  
  17  0:57  Drone  
  17  0:59  Hatchery, Drone  
  18  1:14  Spawning Pool  
  17  1:21  Drone  
  17  1:24  Extractor  
  17  1:25  Overlord  
  17  1:31  Drone  
  18  1:43  Drone  
  19  1:54  Drone  
  20  2:02  Queen  
  20  2:03  Zergling x2  
  23  2:15  Queen  
  25  2:16  Zergling x2  
  25  2:17  Zergling x2  
  27  2:24  Drone x2  
  29  2:32  Roach Warren  
  29  2:33  Metabolic Boost  
  28  2:45  Drone x3  
  28  2:49  Drone  
  32  2:57  Queen  
  32  2:58  Overlord  
  34  3:05  Drone x2  
  36  3:26  Drone x6  
  42  3:27  Overlord  
  42  3:40  Roach  
  44  3:47  Hatchery  
  43  3:55  Overlord  
  43  4:00  Lair, Drone x5  
  43  4:01  Drone  
  49  4:08  Extractor  
  49  4:09  Extractor  
  47  4:11  Roach x2  
  50  4:23  Drone x4  
  54  4:27  Extractor  
  53  4:31  Drone x2  
  53  4:32  Evolution Chamber, Drone x2  
  53  4:34  Baneling Nest  
  53  4:35  Evolution Chamber  
  54  4:45  Drone  
  55  4:47  Drone  
  55  4:48  Drone x3  
  59  4:55  Overlord  
  59  4:56  Drone  
  60  5:00  Zerg Melee Weapons Level 1  
  60  5:03  Drone x2  
  60  5:04  Drone  
  63  5:08  Spore Crawler  
  60  5:19  Zerg Ground Armor Level 1  
  59  5:24  Drone x2  
  59  5:28  Queen  
  59  5:33  Overlord  
  59  5:35  Baneling x2  
  61  5:39  Drone x3  
  62  5:44  Drone x5  
  62  5:49  Drone x2  
  69  5:50  Drone x3  
  69  5:53  Queen  
  69  5:56  Centrifical Hooks  
  73  5:59  Drone x2  
  73  6:01  Extractor  
  73  6:02  Extractor  
  67  6:13  Spore Crawler  
  66  6:21  Queen  
  68  6:27  Zergling x2  
  68  6:28  Zergling x14  
  68  6:29  Overseer  
  76  6:41  Drone x4  
  76  6:42  Drone  
  81  6:47  Overlord  
  81  6:54  Baneling x13  
  81  6:55  Baneling x4  
  81  6:56  Zerg Melee Weapons Level 2  
  81  7:03  Overlord x3  
  81  7:14  Overlord x2  
  81  7:22  Zerg Ground Armor Level 2  
  81  7:28  Spire  
  81  7:29  Zergling x2  
  81  7:30  Zergling x10  
  81  7:32  Drone  
  86  7:55  Drone x9  
  95  8:12  Overlord x3, Zergling x8  
  99  8:16  Overseer  
  99  8:17  Pneumatized Carapace  
  99  8:22  Burrow  
  99  8:27  Extractor  
  98  8:28  Hatchery  
  98  8:31  Extractor  
  98  8:33  Infestation Pit  
  95  8:36  Baneling  
  95  8:37  Baneling x10  
  95  8:40  Corruptor x4  
  103  8:42  Spore Crawler  
  103  8:47  Zerg Flyer Armor Level 1  
  102  8:54  Spore Crawler  
  101  9:00  Mutalisk x3, Zergling x12  
  112  9:14  Mutalisk x5  
  122  9:31  Corruptor x3  
  119  9:32  Zergling x2  
  119  9:33  Zergling x14  
  119  9:34  Overlord  
  110  9:54  Baneling  
  110  9:55  Baneling x4  
  110  9:56  Baneling x10  
  110  9:57  Zergling x2  
  110  9:58  Zergling x12  
  114  10:13  Hive  
  97  10:28  Mutalisk  
  97  10:30  Zergling x2  
  97  10:31  Zergling x14  
  97  10:33  Baneling  
  97  10:34  Zergling x2  
  97  10:35  Overseer, Zergling x4  
  106  10:42  Hatchery  
  105  10:54  Baneling x11  
  105  10:55  Baneling x8  
  105  11:02  Corruptor x3, Zergling x4  
  105  11:03  Hatchery, Spine Crawler x2  
  110  11:05  Extractor  
  103  11:16  Zergling x2  
  103  11:17  Zergling x10  
Show
View Real Time Build Order
Export as new Build Order

TerranOP Terran - Winner!

Build Orders: Liberator Opening, Reaper Expand, Bio Tank 

Get SALT Encoding   

  12  0:01  SCV  
  13  0:13  SCV  
  14  0:18  Supply Depot  
  14  0:25  SCV  
  15  0:39  SCV  
  15  0:42  Barracks  
  16  0:49  Refinery  
  16  0:51  SCV  
  17  1:04  SCV  
  18  1:16  SCV  
  19  1:29  Orbital Command  
  19  1:31  Reaper  
  20  1:40  Command Center  
  20  1:55  SCV  
  20  1:57  Supply Depot  
  21  2:03  Marine  
  21  2:07  SCV  
  23  2:09  Factory  
  23  2:18  Refinery  
  23  2:20  SCV  
  24  2:26  Barracks Reactor  
  24  2:32  SCV  
  25  2:44  SCV  
  26  2:56  SCV, Starport  
  26  2:58  Orbital Command  
  27  3:06  Hellion x2  
  27  3:08  SCV  
  27  3:09  Barracks Tech Lab  
  32  3:20  SCV  
  32  3:24  SCV  
  32  3:26  Supply Depot  
  34  3:32  SCV  
  35  3:35  Command Center, Liberator  
  35  3:41  Siege Tank  
  38  3:42  SCV  
  38  3:48  Marine x2  
  39  3:53  SCV  
  45  3:59  SCV  
  45  4:02  Supply Depot  
  46  4:05  SCV  
  46  4:06  Marine x2  
  49  4:11  SCV  
  50  4:17  SCV  
  50  4:22  Siege Tank  
  50  4:23  SCV  
  55  4:24  Liberator  
  55  4:26  Refinery x2  
  55  4:29  Supply Depot, SCV  
  56  4:35  SCV, Marine x2  
  62  4:46  SCV  
  62  4:48  SCV, Orbital Command  
  64  4:55  Barracks  
  64  4:56  Barracks, Marine x2  
  64  4:59  SCV  
  67  5:00  SCV  
  68  5:11  SCV, Engineering Bay  
  68  5:12  SCV, Engineering Bay  
  70  5:14  Marine  
  70  5:16  SCV  
  72  5:23  SCV  
  72  5:25  Siege Tank  
  76  5:28  Orbital Command  
  76  5:29  SCV  
  77  5:38  Starport Reactor  
  77  5:39  Terran Infantry Weapons Level 1, Terran Infantry Armor Level 1  
  77  5:40  SCV  
  77  5:41  Barracks x2, Marine x2  
  77  5:42  Barracks Tech Lab  
  79  5:43  Barracks Tech Lab  
  79  5:45  SCV  
  80  5:55  SCV x2  
  82  6:03  Combat Shields, Stimpack, Marine  
  82  6:04  Marine x2  
  85  6:16  Supply Depot  
  85  6:17  SCV x3, Supply Depot x2, Marine  
  85  6:18  Medivac  
  91  6:20  Medivac  
  91  6:24  Marine  
  91  6:29  SCV x2  
  91  6:30  Refinery  
  93  6:33  Barracks Reactor  
  93  6:37  Barracks Reactor  
  93  6:38  SCV, Marauder, Marine  
  97  6:41  SCV x2  
  97  6:46  Siege Tank  
  102  6:49  Armory  
  102  6:50  SCV  
  102  6:53  SCV, Medivac  
  106  7:02  Marine x2  
  106  7:03  Marine x2  
  106  7:05  SCV x2  
  106  7:06  SCV  
  106  7:07  Refinery  
  113  7:10  Barracks  
  113  7:11  Barracks  
  113  7:12  Barracks  
  113  7:15  Marine x3  
  113  7:16  Marine  
  117  7:27  SCV x3, Marine x2  
  117  7:28  Supply Depot x2, Marine x2  
  117  7:29  Siege Tank  
  127  7:30  Medivac x2  
  127  7:33  Marine  
  127  7:35  Factory  
  132  7:39  SCV  
  132  7:43  Marine x3  
  126  7:45  Marine  
  126  7:48  Marine x2  
  126  7:49  Marine  
  126  7:51  Marine  
  131  8:00  Barracks Tech Lab x2  
  131  8:01  Barracks Reactor, Siege Tank, Marine  
  131  8:02  Supply Depot x2  
  131  8:04  Marine x3  
  138  8:06  Marine x2, Terran Infantry Armor Level 2  
  140  8:21  Factory Tech Lab  
  140  8:22  Marine x2  
  140  8:23  Medivac x2, Marauder  
  140  8:25  Supply Depot  
  148  8:34  Siege Tank  
  151  8:40  Terran Infantry Weapons Level 2  
  150  8:43  Supply Depot  
  150  8:44  Marine  
  150  8:45  Marine x4  
  150  8:46  Supply Depot  
  155  8:49  Command Center  
  155  8:50  Marine x4  
  159  8:59  Marine x3  
  159  9:00  Siege Tank  
  159  9:02  Marine x3  
  165  9:04  Marine  
  165  9:08  Marine x2  
  165  9:09  Marine x3  
  174  9:16  Marine  
  174  9:17  Marine x2  
  175  9:18  Medivac  
  175  9:20  Marine x3  
  175  9:22  Marine  
  183  9:26  Marine x3  
  183  9:27  Marine x2  
  187  9:34  Marine x2  
  187  9:36  Marine  
  189  9:45  Marine x2  
  189  9:46  Marine  
  189  9:52  Marine x2  
  165  9:53  Marine x4  
  165  9:54  Marine x3  
  165  9:55  Siege Tank x2  
  170  10:03  Marine x3  
  172  10:08  Planetary Fortress  
  172  10:10  Marine x4  
  172  10:11  Marine x2  
  172  10:12  Marine x3  
  176  10:21  Marine x2  
  176  10:24  Marine  
  176  10:27  Siege Tank  
  176  10:28  Marine x2  
  180  10:33  Marine x5  
  180  10:34  Marine x2  
  180  10:35  Siege Tank, Medivac x2  
  190  10:39  Marine x2  
  190  10:42  Marine  
  193  10:46  Marine x2  
  195  10:51  Marine x3  
  195  10:52  Marauder  
  200  11:09  Marine  
  199  11:17  Marine  
Tags
 
Add a new tag
Caveats
  • Supply blocks, unpowered buildings, or Contaminate may cause inaccurate times.
  • Supply counts are checked every 10 seconds.